 Dungeon Crawl Stone Soup version 0.30-a0-613-gdd512c7efb (webtiles) character file.

Game seed: 17787361204636149698

817 Demosthentine the Poker (level 7, -2/82 HPs)
             Began as a Demonspawn Gladiator on Jan 8, 2023.
             Was a Follower of Nemelex Xobeh.
             Engulfed by a steam dragon's steam (6 damage)
             ... on level 5 of the Dungeon.
             The game lasted 00:05:02 (4448 turns).

Demosthentine the Poker (Demonspawn Gladiator)      Turns: 4448, Time: 00:05:02

Health: -2/82      AC: 23    Str: 16    XL:     7   Next: 62%
Magic:  7/7        EV:  2    Int:  9    God:    Nemelex Xobeh [*.....]
Gold:   200        SH:  0    Dex: 15    Spells: 6/6 levels left

rFire   . . .      SeeInvis .    a - +1 trident
rCold   . . .      Faith    .    (no shield)
rNeg    . . .      Spirit   .    (body armour currently unavailable)
rPois   +          Reflect  .    (helmet currently unavailable)
rElec   .          Harm     .    (cloak currently unavailable)
rCorr   .          Rampage  .    (gloves currently unavailable)
Will    .....      NoTele   +    (boots currently unavailable)
Stlth   +                        (no amulet)
HPRegen 0.33/turn                (no ring)
MPRegen 0.10/turn                (no ring)

@: tree-form
A: stationary, stasis, torment immunity, boosted hp, (molten scales 1), icemail
1, condensation shield
a: Renounce Religion, Draw Escape, Draw Destruction, Draw Summoning


You were on level 5 of the Dungeon.
You worshipped Nemelex Xobeh.
Nemelex Xobeh was aware of your devotion.
You were a tree.
You visited 2 branches of the dungeon, and saw 6 of its levels.

You collected 200 gold pieces.

Inventory:

Hand Weapons
 a - a +1 trident (weapon)
 l - the +11 sling of Intimidation {drain, rC+++ Dex-4}
   (You found it on level 4 of the Dungeon)

   Dex:       It affects your dexterity (-4).
   rC:        It renders you almost immune to cold.
Missiles
 d - 2 throwing nets (quivered)
 e - a javelin
Armour
 b - a +0 leather armour (melded)
 c - a +0 pair of gloves (melded)
 q - a +1 helmet (melded)
 t - a +0 cloak of preservation (melded)
Jewellery
 r - a ring of ice
Scrolls
 i - a scroll of teleportation
 k - a scroll of vulnerability
 m - a scroll of fear
 p - 2 scrolls of fog
Potions
 f - 2 potions of mutation
 h - 2 potions of curing {unknown}
 j - 2 potions of haste
 n - a potion of lignification
 o - a potion of resistance {unknown}
 s - a potion of attraction {unknown}


   Skills:
 + Level 4.7 Fighting
 + Level 4.7 Polearms
 - Level 1.7 Throwing
 + Level 3.6 Armour
 + Level 4.7 Dodging


You had 6 spell levels left.
You didn't know any spells.
Your spell library contained the following spells:

 Spells                   Type           Power      Damage    Failure   Level
 Apportation              Tloc           0%         N/A       38%         1
 Necrotise                Necr           0%         1d4       38%         1
 Summon Small Mammal      Summ           0%         N/A       38%         1
 Static Discharge         Conj/Air       0%         2-2/arc   52%         2
 Inner Flame              Hex/Fire       0%         N/A       77%         3
 Vhi's Electric Charge    Tloc/Air       0%         N/A       77%         3
 Flame Wave               Conj/Fire      0%         2d4       99%         4
 Sticky Flame             Conj/Fire      0%         2d3       99%         4
 Arcjolt                  Conj/Air       0%         1d10      100%        5
 Lightning Bolt           Conj/Air       0%         1d11      100%        5


Dungeon Overview and Level Annotations

Branches:
Dungeon (5/15)             Temple (1/1) D:4

Altars:
Cheibriados
Fedhas
Gozag
Hepliaklqana
Kikubaaqudgha
Makhleb
Nemelex Xobeh
Okawaru
Ru
Sif Muna
Trog
Vehumet
Wu Jian
Xom
Yredelemnul


Innate Abilities, Weirdness & Mutations

You are a tree.
Your roots penetrate the ground, keeping you stationary.
You cannot be teleported.
You are immune to unholy pain and torment.
Your maximum health is greatly increased.
Your equipment is partially melded.
((You are partially covered in molten scales. (AC +2)))
A meltable icy envelope protects you from harm. (AC +0)
A meltable shield of frost defends you. (SH +0)


Message History

You are engulfed in a cloud of scalding steam.
The steam dragon bites you but does no damage.
The steam dragon misses you.
You barely miss the steam dragon.
The steam dragon is heavily wounded.
The steam dragon barely misses you.
The steam dragon claws you but does no damage.
You barely miss the steam dragon.
The steam dragon is heavily wounded.
The steam dragon closely misses you. The steam dragon barely misses you.
The steam dragon bites you! The steam dragon claws you.
You are too injured to fight recklessly!
You hit the steam dragon.
The steam dragon is severely wounded.
The steam dragon breathes steam at you. The ball of steam hits you.
The steam dragon closely misses you.
The steam dragon claws you but does no damage.
You hit the steam dragon but do no damage.
The steam dragon is severely wounded.
The steam dragon breathes steam at you. The ball of steam hits you.
* * * LOW HITPOINT WARNING * * *
The steam dragon breathes steam at you. The ball of steam hits you!
* * * LOW HITPOINT WARNING * * *
Okay, then.
Okay, then.
Okay, then.
Unknown command.
It was a potion of lignification.
You turn into a tree.
Your +0 cloak of preservation melds into your body.
Your +1 helmet melds into your body.
Your +0 pair of gloves melds into your body.
Your +0 leather armour melds into your body.
Your roots penetrate the ground.
It was a potion of flight.
Your roots keep you in place.
You are engulfed in a cloud of scalding steam.
You die...
Your body glows slightly and disappears.

############## .
............)# .
############.## .# ###
... #..## .#
..###.###.###..####.#
................♣...###
.........####...D.....###
................§........
.(.......#######.####.###
........ #.# # ........
..# ######## ...# # .....
# ......


You could see a steam dragon.

Vanquished Creatures
  2 ogres
  2 phantoms
  A scorpion (D:4)
  A necrophage (D:5)
  Crazy Yiuf (D:4)
  An orc priest (D:5)
  2 hounds
  An iguana (D:4)
  An orc wizard (D:5)
  Terence (D:3)
  3 adders
  4 gnolls (D:2)
  A shadow imp (D:5)
  An ufetubus (D:5)
  2 worms
  6 dart slugs
  6 orcs
  4 bats
  7 endoplasms
  5 giant cockroaches
  2 goblins (D:1)
  8 hobgoblins
  6 jackals (D:2)
  2 quokkas
  8 ball pythons
  2 frilled lizards
  10 kobolds
  4 rats
94 creatures vanquished.

Notes
Turn   | Place    | Note
-------+----------+-------------------------------------------
     0 | D:1      | Demosthentine the Demonspawn Gladiator began the quest for
                  | the Orb.
     0 | D:1      | Reached XP level 1. HP: 16/16 MP: 1/1
   320 | D:1      | Gained mutation: A meltable shield of frost defends you.
                  | (SH +0) [demonic ancestry]
   320 | D:1      | Reached XP level 2. HP: 22/22 MP: 2/2
   626 | D:1      | Reached skill level 1 in Armour
   781 | D:1      | Found a faded altar of an unknown god.
  1035 | D:2      | Reached XP level 3. HP: 28/28 MP: 3/3
  1115 | D:2      | Found an ancient bone altar of Kikubaaqudgha.
  1437 | D:2      | Gained mutation: You are partially covered in molten
                  | scales. (AC +2) [demonic ancestry]
  1437 | D:2      | Reached XP level 4. HP: 34/34 MP: 4/4
  2455 | D:3      | Noticed Terence
  2463 | D:3      | Killed Terence
  2464 | D:3      | Gained mutation: A meltable icy envelope protects you from
                  | harm. (AC +0) [demonic ancestry]
  2464 | D:3      | Reached XP level 5. HP: 41/41 MP: 5/5
  2644 | D:3      | Found a snail-covered altar of Cheibriados.
  2644 | D:3      | Noticed a torpor snail
  2958 | D:4      | Found a staircase to the Ecumenical Temple.
  3015 | Temple   | Entered the Ecumenical Temple
  3062 | Temple   | Became a worshipper of Nemelex Xobeh the Trickster
  3141 | D:4      | Noticed an ogre
  3149 | D:4      | Killed an ogre
  3150 | D:4      | Reached XP level 6. HP: 48/48 MP: 6/6
  3223 | D:4      | Identified the +11 sling of Intimidation {drain, rC+++
                  | Dex-4}
  3322 | D:4      | Found a runed translucent door.
  3323 | D:4      | Noticed Crazy Yiuf
  4113 | D:4      | Killed Crazy Yiuf
  4162 | D:5      | Entered Level 5 of the Dungeon
  4166 | D:5      | Reached * piety under Nemelex Xobeh
  4182 | D:5      | Reached XP level 7. HP: 51/54 MP: 7/7
  4217 | D:5      | Found a shimmering blue altar of Sif Muna.
  4429 | D:5      | Noticed a steam dragon
  4445 | D:5      | HP: 2/55 [steam dragon/ball of steam (12)]
  4448 | D:5      | Engulfed by a steam dragon's steam

Illustrated notes

Levels and vault maps discovered:
D:1:      roderic_crossed_star, layout_rooms, serial_corexii_hall,
          corexii_hall_statues_u, corexii_hall_statues_u,
          chequers_hall_statues_y, corexii_hall_statues_s,
          corexii_hall_statues_i, chequers_hall_statues_wall_a,
          hellmonk_ecumenical_altar_crossroads, minmay_misc_feat_room,
          minmay_split_cup_small
D:2:      layout_basic, basic_altar, kennysheep_generic_room_12
D:3:      layout_basic, cheibriados_altar_2, minmay_misc_feat_rugged,
          uniq_terence
D:4:      layout_loops_corners, minmay_temple_entry_junction_2,
          uniq_crazy_yiuf_cottage
D:5:      layout_basic, led_sif_book, uniq_edmund
Temple:   hellmonk_temple_of_storms

Skill      XL: |  1  2  3  4  5  6 |
---------------+-------------------+-----
Polearms       | 3 4 |  4.7
Armour         | 1 2 3 |  3.6
Dodging        | 3 4 |  4.7
Fighting       | 3 4 |  4.7
Throwing       | |  1.7

Action                   |  1- 3 |  4- 6 |  7- 9 || total
-------------------------+-------+-------+-------++-------
Melee: Trident           |   129 |   171 |    77 ||   377
       Punch             |     2 |     2 |       ||     4
Throw: Throwing net      |       |     1 |     1 ||     2
  Use: Scroll            |     9 |     3 |       ||    12
       Potion            |       |       |     2 ||     2
 Stab: Sleeping          |     1 |     1 |       ||     2
       Held in net/web   |       |     1 |       ||     1
Armor: Leather armour    |    32 |    48 |    26 ||   106
Dodge: Dodged            |    79 |    71 |    36 ||   186
Block: Other             |    20 |    15 |     7 ||    42

Table legend: (Time is in decaauts)
 A = Elapsed time spent in this place.
 B = Non-inter-level travel time spent in this place.
 C = Inter-level travel time spent in this place.
 D = Time resting spent in this place.
 E = Time spent auto-exploring this place.
 F = Levels seen in this place.
 G = Mean time per level.
                   A        B        C        D        E       F      G
               +--------+--------+--------+--------+--------+-----+--------+
         Total |   4495 |   4322 |    173 |    101 |   3275 |   6 |  749.2 |
       Dungeon |   4427 |   4254 |    173 |    101 |   3253 |   5 |  885.4 |
        Temple |     67 |     67 |      0 |      0 |     22 |   1 |   67.0 |
               +--------+--------+--------+--------+--------+-----+--------+

Top non-repeatable levels by time:
     D:4: 1144 daAuts
     D:2: 1127 daAuts
     D:1: 1071 daAuts
     D:3: 791 daAuts
     D:5: 292 daAuts
  Temple: 67 daAuts
